 Dungeon Sprint DCSS version 0.20-a0-754-g13ddd6e (webtiles) character file.

16 esc the Skirmisher (level 2, -3/28 HPs)
             Began as a Hill Orc Fighter on Feb 27, 2017.
             Slain by a human (4 damage)
             ... in the Dungeon (Sprint III: "The Ten Rune Challenge").
             The game lasted 00:00:27 (69 turns).

esc the Skirmisher (Hill Orc Fighter)                 Turns: 69, Time: 00:00:27

Health: -3/28      AC:  7    Str: 18    XL:     2   Next: 58%
Magic:  2/2        EV:  7    Int:  8    God:
Gold:   0          SH:  9    Dex: 10    Spells: 1/1 levels left

rFire    . . .     SeeInvis .   a - +0 war axe
rCold    . . .     Gourm    .   b - +0 scale mail
rNeg     . . .     Faith    .   c - +0 shield
rPois    .         Spirit   .   (no helmet)
rElec    .         Reflect  .   (no cloak)
rCorr    .         Harm     .   (no gloves)
MR       .....     NoTele   +   (no boots)
Stlth    ..........             (no amulet)
Regen    0.1/turn               (no ring)
MPRegen  0.1/turn               (no ring)

@: no status effects
A: no striking features
a: no special abilities


You were in the Dungeon.
You were not hungry.

You visited 1 branch

Inventory:

Hand Weapons
 a - a +0 war axe (weapon)
Armour
 b - a +0 scale mail (worn)
 c - a +0 shield (worn)
Scrolls
 k - a scroll of blinking {!r}
 m - a scroll of fog {unknown}
Potions
 d - a potion of might
 e - a potion of curing
 g - a potion of heal wounds
 h - a potion of haste
 i - 2 potions of magic
 j - a potion of berserk rage {!q}
Comestibles
 f - a bread ration {@e1}
 l - a chunk of flesh {@w0}


   Skills:
 + Level 4.7 Fighting
 + Level 4.1 Axes
 + Level 4.2 Armour
 + Level 4.2 Shields


You had one spell level left.
You didn't know any spells.

Dungeon Overview and Level Annotations

Branches:
Dungeon (1/1)

Altars:


Message History

Welcome, esc the Hill Orc Fighter.
Found a staircase leading out of the dungeon.
A rat comes into view.
You block the rat's attack.
You barely miss the rat. The rat bites you.
You take 2 damage, and have 17/19 hp.
You slash the rat!
You kill the rat!
No target in view!
A rat comes into view.
You slash the rat!
You kill the rat!
Your Axes skill increases to level 3!
No target in view!
No target in view!
You see here a rat corpse.
You butcher the rat corpse.
l - a chunk of flesh {@w0} You see here a rat skeleton.
You see here a rat skeleton.
A rat comes into view.
You closely miss the rat. The rat bites you but does no damage.
You hit the rat. The rat bites you but does no damage.
The rat barely misses you.
You hit the rat.
You kill the rat!
Your Fighting skill increases to level 4!
No target in view!
m - a scroll labeled MILY OMAHIH Health restored: 20 A rat comes into view.
You closely miss the rat. The rat barely misses you.
You block the rat's attack.
You slash the rat!
You kill the rat!
No target in view!
No target in view!
A wolf and a human come into view.
The human shouts!
The wolf howls!
You barely miss the wolf. The wolf bites you.
The wolf bites you but does no damage.
You take 2 damage, and have 18/20 hp.
You hit the wolf but do no damage. The wolf bites you but does no damage.
You block the wolf's attack.
You closely miss the wolf. You block the wolf's attack. x3
You barely miss the wolf. The wolf closely misses you.
You block the wolf's attack.
You barely miss the wolf. You block the wolf's attack. The wolf bites you!
The wolf bites you but does no damage.
You take 7 damage, and have 11/20 hp.
MASSIVE DAMAGE!!
You miss the wolf. The wolf barely misses you. The wolf bites you.
You take 3 damage, and have 8/20 hp.
You miss the wolf. You block the wolf's attack. The wolf closely misses you.
You slash the wolf!
You kill the wolf!
Your Axes skill increases to level 4!
Your Armour skill increases to level 4!
Your Shields skill increases to level 4!
You have reached level 2!
You regained 4 hp, and now have 12/28 hp.
MP restored: 2 You hit the human.
You block the human's attack. x2
You hit the human but do no damage. The human hits you but does no damage.
You closely miss the human. The human hits you but does no damage.
The human barely misses you.
You closely miss the human. The human hits you.
You take 1 damage, and have 11/28 hp.
You slash the human! The human hits you.
* * * LOW HITPOINT WARNING * * *
The human closely misses you.
You take 6 damage, and have 5/28 hp.
MASSIVE DAMAGE!!
You are too injured to fight recklessly!
You are too injured to fight recklessly!
You are too injured to fight recklessly!
You miss the human. The human hits you but does no damage.
You hit the human. The human hits you.
* * * LOW HITPOINT WARNING * * *
You take 3 damage, and have 3/28 hp.
You hit the human. You block the human's attack.
The human hits you but does no damage.
You closely miss the human. The human hits you.
* * * LOW HITPOINT WARNING * * *
You take 1 damage, and have 2/28 hp.
You closely miss the human. The human barely misses you.
You closely miss the human. You block the human's attack. The human hits you.
* * * LOW HITPOINT WARNING * * *
You take 1 damage, and have 1/28 hp.
You miss the human. The human hits you.
You die...

▓..##.......# .#
▓##.##.##...# .#
##.##.###..# ..#
▓#.####.##..# ...+
▓.###..##..##
#...# ▓#.....##..#
#....#
###÷.##...##.....#
##..##....#p.....#
#..###..##@#.....#
#(.# #.. ####....#
▓▓▓▓ ▓▓▓ ▓▓▓▓▓


You could see a human.

Vanquished Creatures
  A wolf (D)
  4 rats (D)
5 creatures vanquished.

Vanquished Creatures (others)
  A yaktaur (D)
1 creature vanquished.

Grand Total: 6 creatures vanquished

Notes
Turn   | Place    | Note
-------+----------+-------------------------------------------
     0 | D        | esc the Hill Orc Fighter began the quest for the Orb.
     0 | D        | Reached XP level 1. HP: 19/19 MP: 1/1
    11 | D        | Reached skill level 3 in Axes
    29 | D        | Reached skill level 4 in Fighting
    47 | D        | Noticed a wolf
    47 | D        | Killed a yaktaur
    57 | D        | Killed a wolf
    57 | D        | Reached skill level 4 in Axes
    57 | D        | Reached skill level 4 in Armour
    57 | D        | Reached skill level 4 in Shields
    57 | D        | Reached XP level 2. HP: 12/28 MP: 2/2
    62 | D        | HP: 5/28 [human (6)]
    66 | D        | HP: 2/28 [human (1)]
    69 | D        | Slain by a human

Vault maps used:
D:        dungeon_sprint_mu

Skill      XL: |  1 |
---------------+----+-----
Axes           | 4 |  4.1
Fighting       | 4 |  4.7
Armour         | 4 |  4.2
Shields        | 4 |  4.2

Action                   || total
-------------------------++-------
Melee: War axe           ||    28
Armor: Scale mail        ||     9
Dodge: Dodged            ||     8
Block: Shield            ||    13

Vault maps used:
D:        dungeon_sprint_mu

Table legend:
 A = Turns spent in this place as a percentage of turns spent in the entire game.
 B = Non-inter-level travel turns spent in this place as a percentage of non-inter-level travel turns spent in the entire game.
 C = Inter-level travel turns spent in this place as a percentage of turns spent in this place.
 D = Turns resting spent in this place as a percentage of non-inter-level travel turns spent in this place.
 E = Turns spent auto-exploring this place as a percentage of non-inter-level travel turns spent in this place.
 F = Non-inter-level travel turns spent in this place divided by the number of levels of this place that you've seen.
                   A       B       C       D       E      F
               +-------+-------+-------+-------+-------+----------------------
         Total | 100.0 | 100.0 |   0.0 |   0.0 |  10.9 |  55.0
       Dungeon | 100.0 | 100.0 |   0.0 |   0.0 |  10.9 |  55.0
               +-------+-------+-------+-------+-------+----------------------

Table legend:
 A = Kills in this place as a percentage of kills in entire the game.
 B = Kills by you in this place as a percentage of kills by you in the entire game.
 C = Kills by friends in this place as a percentage of kills by friends in the entire game.
 D = Other kills in this place as a percentage of other kills in the entire game.
 E = Experience gained in this place as a percentage of experience gained in the entire game.
 F = Experience gained in this place divided by the number of levels of this place that you have seen.
                   A       B       C       D       E      F
               +-------+-------+-------+-------+-------+----------------------
         Total | 100.0 | 100.0 |  -nan |  -nan | 100.0 |  24.0
       Dungeon | 100.0 | 100.0 |  -nan |  -nan | 100.0 |  24.0
               +-------+-------+-------+-------+-------+----------------------
